 Dungeon Crawl Stone Soup version 0.26.0-10-g1f06aea511 (webtiles) character file.

Game seed: 9822949741651289613

109 Borgoz the Slasher (level 4, -4/38 HPs)
             Began as a Ghoul Gladiator on Jan 15, 2021.
             Slain by an orc wizard
             ... wielding a +2 dagger of protection
              (5 damage)
             ... on level 2 of the Dungeon.
             The game lasted 00:02:27 (1577 turns).

Borgoz the Slasher (Ghoul Gladiator)                Turns: 1577, Time: 00:02:28

Health: -4/38      AC:  4    Str: 17    XL:     4   Next: 89%
Magic:  3/3        EV: 12    Int:  3    God:
Gold:   81         SH:  0    Dex: 11    Spells: 3/3 levels left

rFire    . . .     SeeInvis .   a - +0 long sword
rCold    + . .     Faith    .   (no shield)
rNeg     + + +     Spirit   .   b - +0 leather armour
rPois    ∞         Reflect  .   c - +0 helmet
rElec    .         Harm     .   (no cloak)
rCorr    +         Rampage  .   (no gloves)
Will     +....                  (no boots)
Stlth    +.........             (no amulet)
HPRegen  0.00/turn              f - ring of resist corrosion
MPRegen  0.08/turn              h - ring of willpower

@: no status effects
A: claws 1, cold resistance 1, negative energy resistance 3, inhibited
regeneration, torment resistance, unbreathing
a: no special abilities


You were on level 2 of the Dungeon.
You visited 1 branch of the dungeon, and saw 3 of its levels.

You collected 81 gold pieces.

Inventory:

Hand Weapons
 a - a +0 long sword (weapon)
Missiles
 d - a throwing net (quivered)
Armour
 b - a +0 leather armour (worn)
 c - a +0 helmet (worn)
Jewellery
 f - a ring of resist corrosion (left claw)
 h - a ring of willpower (right claw)
 k - an uncursed ring of positive energy {unknown}
Scrolls
 e - a scroll of teleportation
 g - a scroll of remove curse
Potions
 i - 2 potions of curing {unknown}
 j - 2 potions of might
 l - a potion of mutation {unknown}


   Skills:
 + Level 3.2 Fighting
 + Level 3.4 Long Blades
 + Level 2.6 Throwing
 + Level 3.3 Dodging


You had 3 spell levels left.
You didn't know any spells.
Your spell library was empty.

Dungeon Overview and Level Annotations

Branches:
Dungeon (3/15)

Altars:
Vehumet


Innate Abilities, Weirdness & Mutations

You thrive by killing the living.
You are immune to poison.
You have sharp fingernails.
Your flesh is cold resistant. (rC+)
You are immune to negative energy. (rN+++)
You do not regenerate when monsters are visible.
You are immune to unholy pain and torment.
You can survive without breathing.


Message History

The orc wizard casts a spell at you. The magic dart hits you!
* * * LOW HITPOINT WARNING * * *
Things that are here:
a +0 hand axe; a +0 leather armour; an orc corpse Throw: 2 throwing nets
Press: ? - help, Q - select action Shift-Dir - straight line, f/p - orc wizard
Aim: an orc wizard, wielding a +2 dagger of protection and wearing a +0 robe (severely wounded, fast)
You throw a throwing net. The throwing net hits the orc wizard.
The orc wizard is caught in the net!
The orc wizard is severely wounded.
The orc wizard struggles against the net.
The orc wizard struggles against the net. x2
The orc wizard casts a spell.
The orc wizard blinks!
The orc wizard closely misses you.
You barely miss the orc wizard.
The orc wizard is severely wounded.
The orc wizard hits you with a +2 dagger of protection.
You die...

#†#
##.#..........#####.....
#.# #............#
###### #.#
###.........(# # #.##
#..........#
#..######..........#
##.##.............##
#....####........##
##)### #..........# ###
#.(.@......#
#....o....<#
#.÷.)......#
#....>.....#
##........## ##......##
########


You could see an orc wizard (fast).

Vanquished Creatures
  Terence (D:2)
  4 adders (D:2)
  2 worms (D:2)
  A dart slug (D:2)
  2 orcs
  2 giant cockroaches
  2 goblins
  4 hobgoblins
  4 jackals (D:2)
  2 kobolds
  A quokka (D:2)
  2 ball pythons
  4 bats
  2 frilled lizards
  8 rats
41 creatures vanquished.

Notes
Turn   | Place    | Note
-------+----------+-------------------------------------------
     0 | D:1      | Borgoz the Ghoul Gladiator began the quest for the Orb.
     0 | D:1      | Reached XP level 1. HP: 17/17 MP: 0/0
   229 | D:1      | Reached XP level 2. HP: 25/25 MP: 1/1
   572 | D:2      | Reached XP level 3. HP: 28/30 MP: 2/2
   771 | D:2      | Found a radiant altar of Vehumet.
   888 | D:2      | Reached XP level 4. HP: 32/37 MP: 3/3
  1051 | D:2      | Noticed Terence
  1065 | D:2      | Killed Terence
  1570 | D:2      | HP: 1/38 [orc wizard/magic dart (9)]
  1577 | D:2      | Slain by an orc wizard

Illustrated notes

Levels and vault maps discovered:
D:1:      dpeg_arrival_pond, layout_loops_ring, corexii_item_surrounded_by_moat,
          minmay_pentomino_p2
D:2:      layout_rooms, overflow_temple_1_default, uniq_terence
D:3:      layout_basic, minmay_overflow_temple_hex, uniq_crazy_yiuf_cottage

Skill      XL: |  1  2  3  4 |
---------------+-------------+-----
Throwing       | 2 |  2.6
Long Blades    | 3 |  3.4
Dodging        | 3 |  3.3
Fighting       | 3 |  3.2

Action                   |  1- 3 |  4- 6 || total
-------------------------+-------+-------++-------
Melee: Long sword        |    80 |    60 ||   140
Throw: Throwing net      |       |     4 ||     4
  Use: Scroll            |     4 |     1 ||     5
 Stab: Distracted        |     1 |       ||     1
       Held in net/web   |       |     1 ||     1
Armor: Leather armour    |    26 |    15 ||    41
Dodge: Dodged            |    58 |    46 ||   104
       Rpst.: Long sword |    20 |     9 ||    29
